 Dungeon Crawl Stone Soup version 0.29.1-15-g9cfb28693d (webtiles) character file.

Game seed: 7231822996203567104

80545 javelincjr the Warrior (level 16, -18/115 HPs)
             Began as a Djinni Conjurer on Apr 26, 2023.
             Was the Champion of Hepliaklqana.
             Demolished by an ice devil (30 damage)
             ... on level 5 of the Lair of Beasts.
             The game lasted 01:43:10 (21499 turns).

javelincjr the Warrior (Djinni Conjurer)           Turns: 21499, Time: 01:43:11

Health: -18/115    AC: 12    Str:  9    XL:     16   Next: 15%
Gold:   2051       EV: 19    Int: 25    God:    Hepliaklqana [******] SH: 16 Dex: 17

rFire   + + +      SeeInvis .   w - +9 war axe "Tormentor" {flame, rPois Str+4 Int-5 Dex+4}
rCold   x x .      Faith    .   E - +5 kite shield of Cittubb {Rampage rCorr Str-4}
rNeg    . . .      Spirit   .   O - +1 troll leather armour
rPois   ∞          Reflect  .   b - +2 hat {Stlth+}
rElec   .          Harm     .   A - scarf {shadows}
rCorr   +          Rampage  +   h - +1 pair of gloves
Will    +....                   (boots unavailable)
Stlth   +++.......              (no amulet)
HPRegen 1.09/turn               F - +4 ring of evasion
MPRegen 0.00/turn               u - ring of Ciev {Fire Str+4}

@: flying, studying 4 skills
A: reduced essence, sickness immunity, fire resistance 2, cold vulnerability 1,
float, innate caster, HP casting, extra vitality 1, horns 1, clever 1
a: Renounce Religion, Recall Ancestor, Ancestor Identity, Transference, Idealise


You were on level 5 of the Lair of Beasts.
You worshipped Hepliaklqana.
Hepliaklqana was exalted by your worship.
You visited 3 branches of the dungeon, and saw 19 of its levels.
You also visited: Bailey.

You collected 2056 gold pieces.
You donated 5 gold pieces to Zin.

Inventory:

Hand Weapons
 w - the +9 war axe "Tormentor" (weapon) {flame, rPois Str+4 Int-5 Dex+4}
   (You found it on level 4 of the Dungeon)

   It burns those it strikes, dealing additional fire damage.
   Big, fiery blades are also staple armaments of hydra-hunters.
   Str:       It affects your strength (+4).
   Int:       It affects your intelligence (-5).
   Dex:       It affects your dexterity (+4).
   rPois:     It protects you from poison.
Missiles
 D - 3 silver javelins
Armour
 b - a +2 hat of stealth (worn)
 h - a +1 pair of gloves (worn)
 p - the +1 helmet of the Hanged Man {rF+ SInv}
   (You acquired it on level 13 of the Dungeon)

   rF:        It protects you from fire.
   SInv:      It lets you see invisible.
 A - a scarf of shadows (worn)
 E - the +5 kite shield of Cittubb (worn) {Rampage rCorr Str-4}
   (You acquired it in the Ecumenical Temple)

   Str:       It affects your strength (-4).
   rCorr:     It protects you from acid and corrosion.
   Rampage:   It bestows one free step when moving towards enemies.
 O - a +1 troll leather armour (worn)
Magical Staves
 f - a staff of conjuration
 r - a staff of fire
Jewellery
 n - a +6 ring of dexterity
 q - a ring of wizardry
 u - the ring of Ciev (right hand) {Fire Str+4}
   (You found it on level 12 of the Dungeon)

   [ring of fire]

   It enhances your fire magic.
   Str:       It affects your strength (+4).
   rF:        It protects you from fire.
   rC:        It makes you vulnerable to cold.
 F - a +4 ring of evasion (left hand)
Wands
 m - a wand of charming (19)
 G - a wand of mindburst (9)
 I - a wand of acid (31)
 K - a wand of digging (4)
 L - a wand of flame (39)
 M - a wand of polymorph (2)
 U - a wand of iceblast (23)
Scrolls
 a - 2 scrolls of summoning
 d - 10 scrolls of identify
 g - 3 scrolls of magic mapping
 i - 4 scrolls of immolation
 j - 8 scrolls of blinking
 l - 9 scrolls of teleportation
 t - 3 scrolls of silence
 v - a scroll of vulnerability {unknown}
 y - 7 scrolls of poison
 X - 2 scrolls of fear
 Z - a scroll of brand weapon
Potions
 e - 2 potions of lignification
 k - 10 potions of might
 o - 6 potions of curing
 s - 2 potions of resistance
 x - 3 potions of cancellation
 C - a potion of brilliance
 P - 5 potions of heal wounds
 Q - 2 potions of ambrosia
Miscellaneous
 c - a tin of tremorstones (1/2)
 R - a box of beasts


   Skills:
 * Level 16.2 Fighting
 + Level 9.1 Axes
 + Level 14.2 Armour
 + Level 9.4 Dodging
 - Level 1.9 Stealth
 + Level 8.3 Shields
 * Level 9.2 Spellcasting
 + Level 8.0 Invocations


You couldn't memorise any spells.
You knew the following spells:

 Your Spells              Type           Power      Damage    Failure   Level
a - Magic Dart            Conj           100%       1d8       1%          1
b - Searing Ray           Conj           100%       2d8       1%          2
c - Dazzling Flash        Conj/Hex       100%       N/A       1%          3
d - Fulminant Prism       Conj/Hex       27%        3d14      3%          4
e - Iskenderun's Mystic   Conj/Tloc      55%        2d12      3%          4
f - Slow                  Hex            100%       N/A       1%          1
g - Blink                 Tloc           100%       N/A       1%          2
h - Ignite Poison         Fire/Tmut/Pois 72%        N/A       1%          3
i - Portal Projectile     Hex/Tloc       100%       N/A       1%          3
j - Animate Dead          Necr           55%        N/A       3%          4
k - Freezing Cloud        Conj/Ice/Air   27%        6-21      11%         5
l - Iron Shot             Conj/Erth      27%        9d6       50%         6
Your spell library was empty.

Dungeon Overview and Level Annotations

Branches:
Dungeon (13/15) Temple (1/1) D:6 Lair (5/5) D:8 Swamp (0/4) Lair:2 Spider (0/4) Lair:3 Slime (0/5) Lair:5 Orc (0/2) D:12 Vaults (0/5) D:12 D:13 Bailey (visited)

Altars:
Ashenzari
Cheibriados
Dithmenos
Elyvilon
Fedhas
Gozag
Hepliaklqana
Makhleb
Nemelex Xobeh
Okawaru
Qazlal
Ru
Trog
Uskayaw
Wu Jian
Xom
Yredelemnul
Zin
The Shining One
Jiyva

Annotations:
D:12 Rupert


Innate Abilities, Weirdness & Mutations

Your life essence is reduced to manifest your ancestor. (-10% HP)
You are immune to sickness and miasma.
You are immune to poison.
Your flesh is very heat resistant. (rF++)
You are vulnerable to cold. (rC-)
You float through the air rather than walking.
You learn spells naturally, not from books.
Your magical power is your life essence.
You have superior vitality. (+4 MHP)
You have a pair of small horns on your head.
Your mind is acute. (Int +4, Str/Dex -1)


Message History

You block the ice devil's attack.
The orange demon stings you but does no damage.
You block the hellwing's attack.
The hellwing hits you but does no damage.
You slash the hellwing! You burn the hellwing.
You headbutt the hellwing, but do no damage.
The hellwing is heavily wounded.
You completely miss the ice devil. You block the orange demon's attack.
You block the ice devil's attack. The orange demon stings you from afar!
You block the hellwing's attack. x2
You hit the hellwing but do no damage.
The hellwing is heavily wounded.
You hit the ice devil. You burn the ice devil.
You block the orange demon's attack. The orange demon stings you from afar!
The ice devil hits you! The ice devil freezes you!!
You feel a terrible chill!
* * * LOW HITPOINT WARNING * * *
The hellwing closely misses you. You block the hellwing's attack.
The hellwing hits you!
* * * LOW HITPOINT WARNING * * *
You block the hellwing's attack. The ice devil completely misses you.
The orange demon misses you.
The orange demon stings you but does no damage.
You are too injured to fight recklessly!
Casting: Magic Dart (safe; 1% risk of failure)
Confirm with . or Enter, or press ? or * to list all spells.
You blink.
* * * LOW HITPOINT WARNING * * *
There is an open door here.
The ice devil attacks as you move away! You block the ice devil's attack.
The hellwing swoops through the air toward you!
You block the hellwing's attack.
The hellwing hits you but does no damage.
You block the hellwing's attack. x2
You block the hellwing's attack.
The hellwing hits you but does no damage.
The ice devil attacks as you move away! You block the ice devil's attack.
The ice devil attacks as you move away! The ice devil hits you!
* * * LOW HITPOINT WARNING * * *
The ice devil freezes you!!
You feel a terrible chill!
You die...

♣♣...♣ ♣♣♣.†..♣
♣♣♣..♣♣..♣♣♣
♣♣♣..♣♣♣♣♣...♣♣ ♣♣..♣♣♣
♣♣...♣♣♣♣ ♣♣♣..♣♣
♣♣♣....♣♣ ♣.....♣ ♣♣♣....
#######''###### ♣♣♣.♣
#........@44..#########+♣♣
#....8....8.2.#........
#............4'...8.8..
###############..8.#..
....h#...8.#.
...h.#..#.8...
_..4.'...#.8..
...h4#..8.8...
....h#).......


You could see a hell beast, an orange demon, a hellwing and an ice devil.

Vanquished Creatures
  Gastronok (Lair:2)
  A quicksilver ooze (shapeshifter) (D:12)
  4 hydras
  A centaur warrior (D:13)
  3 two-headed ogres
  Erica (D:11)
  The ghost of JosephusMaximus the Destroyer, a journeyman HuCj of the Shining One (D:12)
  A tengu warrior (D:12)
  2 death yaks (D:7)
  A fire crab (D:12)
  A glowing orange brain (shapeshifter) (D:12)
  A wizard (Lair:5)
  A phantasmal warrior (D:12)
  An orc knight (D:13)
  An ugly thing (D:13)
  3 cyclopes
  A manticore (D:12)
  Joseph (D:7)
  2 black mambas (Lair:2)
  4 cane toads
  Maggie (D:7)
  A gargoyle (D:12)
  5 rime drakes
  A kobold demonologist (D:11)
  A tengu conjurer (D:12)
  2 komodo dragons
  An efreet (D:12)
  3 trolls
  3 ice devils
  A hornet (D:10)
  Prince Ribbit (D:7)
  2 slime creatures (D:12)
  9 dream sheep (Lair:5)
  A jumping spider (Lair:3)
  13 blink frogs
  5 centaur simulacra (D:12)
  2 culicivoras (Lair:3)
  38 yaks
  A vampire (D:11)
  A wyvern (Lair:5)
  2 wraiths
  11 humans
  Eustachio (D:6)
  4 basilisks
  A steam dragon (D:7)
  2 redbacks (Lair:3)
  A hell hound (Lair:5)
  5 water moccasins
  6 orc warriors
  Duvessa (D:5)
  3 black bears
  An ice beast (D:8)
  13 centaurs
  3 ogres
  A wolf (Lair:5)
  2 lemures (D:8)
  3 phantoms
  3 necrophages
  7 bullfrogs
  5 scorpions
  Dowan (D:5)
  6 wights (D:8)
  19 killer bees
  2 gnoll boudas
  2 hounds
  2 orc priests (D:7)
  5 jellies
  3 iguanas
  8 orc wizards
  Ijyb (D:3)
  2 hell rats (Lair:2)
  17 gnolls
  7 adders
  3 white imps
  3 ufetubi
  A worm (D:2)
  4 dart slugs
  44 orcs
  4 ball pythons
  12 endoplasms
  4 giant cockroaches
  4 goblins
  7 hobgoblins
  2 jackals (D:4)
  A quokka (D:1)
  7 bats
  4 frilled lizards
  7 kobolds
381 creatures vanquished.

Vanquished Creatures (collateral kills)
  The ghost of Vufrucs the Grappler, a journeyman DrTm of Wu Jian (Lair:4)
  A fire dragon (D:13)
  A yaktaur captain (D:12)
  A hydra (Lair:3)
  A catoblepas (D:13)
  Urug (D:11)
  A shock serpent (shapeshifter) (D:13)
  A skeletal warrior (D:13)
  Pikel (D:8)
  An oklob plant (Lair:5)
  A cyclops (D:11)
  An elephant (Lair:5)
  7 cane toads
  An efreet (D:13)
  A gargoyle (D:10)
  A kobold demonologist (D:9)
  3 komodo dragons
  A troll (D:9)
  2 tyrant leeches (Lair:2)
  4 slime creatures (D:12)
  2 blink frogs
  11 dream sheep (Lair:5)
  2 culicivoras (Lair:3)
  A jumping spider (Lair:3)
  2 centaur simulacra (D:12)
  3 wraiths
  A human (D:12)
  2 wyverns
  21 yaks
  3 basilisks
  2 redbacks (Lair:3)
  3 swamp worms (Lair:2)
  6 water moccasins
  An acid dragon (D:11)
  8 orc warriors (Bailey)
  2 wolves (Lair:5)
  3 centaurs
  2 lemures (D:8)
  A kobold brigand (D:9)
  2 killer bees (D:10)
  2 jellies (Lair:5)
  Crazy Yiuf (D:7)
  4 hell rats (Lair:2)
  17 orcs
  2 goblins (D:10)
  A kobold (D:9)
137 creatures vanquished.

Vanquished Creatures (others)
  A human (D:13)
  6 ancestors
  18 battlemagi
  18 fulminant prisms
  18 fungi
  24 plants
85 creatures vanquished.

Grand Total: 603 creatures vanquished

Notes
Turn   | Place    | Note
-------+----------+-------------------------------------------
     0 | D:1      | javelincjr the Djinni Conjurer began the quest for the Orb.
     0 | D:1      | javelincjr set off with the following spells memorised:
                  | Magic Dart, Searing Ray, Dazzling Flash, Fulminant Prism,
                  | Iskenderun's Mystic Blast.
     0 | D:1      | Reached XP level 1. HP: 15/15 MP: 0/0
   186 | D:1      | Reached XP level 2. HP: 17/21 MP: 0/0
  1175 | D:2      | Reached XP level 3. HP: 21/26 MP: 0/0
  1175 | D:2      | Learned a level 1 spell: Slow
  1320 | D:2      | Reached skill level 1 in Armour
  1336 | D:1      | Reached skill level 1 in Fighting
  1672 | D:2      | Reached XP level 4. HP: 29/32 MP: 0/0
  2108 | D:2      | Found a faded altar of an unknown god.
  2116 | D:2      | Prayed at the altar of an unknown god.
  2116 | D:2      | Became a worshipper of Zin the Law-Giver
  2116 | D:2      | Reached * piety under Zin
  2117 | D:2      | Fell from the grace of Zin
  2392 | D:3      | Noticed Ijyb
  3094 | D:3      | Reached XP level 5. HP: 24/38 MP: 0/0
  3094 | D:3      | Learned a level 2 spell: Blink
  3097 | D:3      | Killed Ijyb
  3098 | D:3      | Reached skill level 2 in Fighting
  3586 | D:3      | Reached XP level 6. HP: 22/45 MP: 0/0
  3873 | D:3      | Found an ornate altar of the Wu Jian Council.
  4072 | D:4      | Identified the +9 war axe "Tormentor" {flame, rPois Str+4
                  | Int-5 Dex+4}
  4160 | D:4      | Reached skill level 3 in Fighting
  4173 | D:4      | Found a glowing silver altar of Zin.
  4173 | D:4      | Found a burning altar of Makhleb.
  4174 | D:4      | Noticed a cacodemon
  4174 | D:4      | Noticed an angel
  4274 | D:4      | Reached XP level 7. HP: 21/50 MP: 0/0
  4274 | D:4      | Learned a level 3 spell: Ignite Poison
  4278 | D:4      | Reached skill level 1 in Invocations
  4843 | D:5      | Entered Level 5 of the Dungeon
  4890 | D:5      | Reached skill level 4 in Fighting
  4891 | D:5      | Reached XP level 8. HP: 45/58 MP: 0/0
  4905 | D:5      | Reached skill level 1 in Axes
  5348 | D:5      | Noticed Duvessa
  5349 | D:5      | Noticed Dowan
  5356 | D:5      | Killed Duvessa
  5360 | D:5      | Killed Dowan
  5363 | D:5      | Reached skill level 5 in Armour
  5436 | D:5      | Found a hide-covered altar of Uskayaw.
  5476 | D:5      | Reached skill level 5 in Fighting
  5828 | D:6      | Reached XP level 9. HP: 62/65 MP: 0/0
  5828 | D:6      | Learned a level 3 spell: Portal Projectile
  6427 | D:6      | Noticed Eustachio
  6454 | D:6      | Killed Eustachio
  6455 | D:6      | Reached skill level 5 in Dodging
  7026 | D:6      | Found a staircase to the Ecumenical Temple.
  7041 | Temple   | Entered the Ecumenical Temple
  7430 | Temple   | Became a worshipper of Hepliaklqana the Forgotten
  7446 | Temple   | Identified 2 scrolls of acquirement
  7447 | Temple   | Acquired 570 gold pieces
  7448 | Temple   | Acquired the +5 kite shield of Cittubb {Rampage rCorr
                  | Str-4}
  7484 | Temple   | Reached skill level 8 in Fighting
  7484 | Temple   | Reached skill level 5 in Axes
  7484 | Temple   | Reached XP level 10. HP: 77/77 MP: 0/0
  7836 | D:7      | Noticed Prince Ribbit
  7849 | D:7      | Killed Prince Ribbit
  8480 | D:7      | Reached skill level 9 in Fighting
  8523 | D:7      | Noticed Joseph
  8529 | D:7      | Killed Joseph
  8575 | D:7      | Reached * piety under Hepliaklqana
  8660 | D:7      | Noticed Maggie
  8679 | D:7      | Killed Maggie
  8680 | D:7      | Reached XP level 11. HP: 57/75 MP: 0/0
  8680 | D:7      | Learned a level 4 spell: Animate Dead
  8936 | D:7      | Found a runed translucent door.
  8937 | D:7      | Noticed Crazy Yiuf
  8944 | D:7      | Killed Crazy Yiuf
  9201 | D:8      | Noticed a death yak
  9207 | D:8      | Noticed a death yak
  9520 | D:7      | Killed a death yak
  9885 | D:8      | Noticed Pikel
  9893 | D:8      | Killed Pikel
  9894 | D:8      | Reached skill level 5 in Spellcasting
 10031 | D:8      | Found a staircase to the Lair.
 10042 | D:8      | Noticed a death yak
 10955 | D:7      | Killed a death yak
 11885 | D:9      | Reached ** piety under Hepliaklqana
 11886 | D:9      | Remembered your ancestor Wilfreda as a battlemage
 12127 | D:9      | Found a shimmering altar of Xom.
 12210 | D:9      | Found a bloodstained altar of Trog.
 12210 | D:9      | Found an opulent altar of Gozag.
 12313 | D:9      | Found a stormy altar of Qazlal.
 12666 | D:10     | Entered Level 10 of the Dungeon
 12680 | D:10     | Reached skill level 10 in Fighting
 12765 | D:10     | Found a flagged portal.
 12777 | Bailey   | Entered a bailey
 12777 | Bailey   | Reached *** piety under Hepliaklqana
 12945 | Bailey   | Reached XP level 12. HP: 81/81 MP: 0/0
 13303 | D:10     | Found a glowing golden altar of the Shining One.
 13323 | D:10     | Noticed a two-headed ogre
 13348 | D:10     | Reached skill level 5 in Invocations
 13353 | D:10     | Killed a two-headed ogre
 13597 | D:10     | Noticed a two-headed ogre
 13605 | D:10     | Killed a two-headed ogre
 13870 | D:11     | Noticed Erica
 13879 | D:11     | Killed Erica
 13880 | D:11     | Reached skill level 10 in Armour
 13907 | D:11     | Reached skill level 11 in Fighting
 13954 | D:11     | Noticed Urug
 13987 | D:11     | Killed Urug
 14104 | D:11     | Noticed a two-headed ogre
 14218 | D:11     | Noticed a six-headed hydra
 14229 | D:11     | Killed a three-headed hydra
 14236 | D:11     | Reached XP level 13. HP: 86/90 MP: 0/0
 14236 | D:11     | Learned a level 5 spell: Freezing Cloud
 14758 | D:12     | Reached **** piety under Hepliaklqana
 14799 | D:12     | Reached skill level 12 in Fighting
 14971 | D:12     | Noticed a jorogumo
 14971 | D:12     | a merfolk changed into a jorogumo
 14972 | D:12     | Noticed a broodmother
 14972 | D:12     | a jorogumo changed into a broodmother
 14974 | D:12     | Noticed an entropy weaver
 14974 | D:12     | a broodmother changed into an entropy weaver
 14978 | D:12     | Noticed a spark wasp
 14978 | D:12     | an entropy weaver changed into a spark wasp
 14981 | D:12     | a spark wasp changed into a tyrant leech
 15016 | D:12     | Reached skill level 13 in Fighting
 15016 | D:12     | Reached XP level 14. HP: 99/99 MP: 0/0
 15275 | D:12     | Found a staircase to the Orcish Mines.
 15765 | D:12     | Found a runed translucent gate.
 15768 | D:12     | Found a runed translucent gate.
 15769 | D:12     | Found a runed translucent gate.
 15815 | D:12     | Noticed JosephusMaximus's ghost (journeyman HuCj)
 15965 | D:12     | Noticed a quicksilver ooze
 15965 | D:12     | a tyrant leech changed into a quicksilver ooze
 15966 | D:12     | a quicksilver ooze changed into an ice dragon
 15967 | D:12     | Noticed a bunyip
 15967 | D:12     | an ice dragon changed into a bunyip
 15971 | D:12     | Noticed an entropy weaver
 15971 | D:12     | a bunyip changed into an entropy weaver
 15974 | D:12     | an entropy weaver changed into a boulder beetle
 15975 | D:12     | Noticed a quicksilver ooze
 15975 | D:12     | a boulder beetle changed into a quicksilver ooze
 15978 | D:12     | Killed a quicksilver ooze
 16211 | D:12     | Reached skill level 14 in Fighting
 16219 | D:12     | Killed JosephusMaximus's ghost
 16257 | D:12     | Got the ring of Ciev {Fire Str+4}
 16302 | D:13     | Noticed Rupert
 16302 | D:13     | Found a gate to the Vaults.
 16445 | D:13     | Gained mutation: You occasionally lose the ability to read
                  | scrolls when taking damage. [potion of mutation]
 16445 | D:13     | Gained mutation: You passively map a small area around you.
                  | [potion of mutation]
 16446 | D:13     | Lost mutation: You occasionally lose the ability to read
                  | scrolls when taking damage. [potion of mutation]
 16446 | D:13     | Lost mutation: You passively map a small area around you.
                  | [potion of mutation]
 16446 | D:13     | Gained mutation: You are frail. (-10% HP) [potion of
                  | mutation]
 16454 | D:13     | Acquired the +1 helmet of the Hanged Man {rF+ SInv}
 16585 | D:13     | Identified the +5 battleaxe of Caogiux {flame, rN+}
 16788 | D:13     | Reached XP level 15. HP: 55/94 MP: 0/0
 16788 | D:13     | Learned a level 6 spell: Iron Shot
 17313 | Lair:1   | Entered Level 1 of the Lair of Beasts
 17415 | Lair:1   | You are sucked into a shaft and drop 1 floor!
 17433 | Lair:2   | Reached ***** piety under Hepliaklqana
 17465 | Lair:2   | Noticed Gastronok
 17492 | Lair:2   | Killed Gastronok
 18204 | Lair:1   | Reached skill level 15 in Fighting
 18264 | Lair:1   | Acquired a manual of Axes
 18803 | Lair:2   | Found a staircase to the Swamp.
 19489 | Lair:3   | Found a hole to the Spider Nest.
 19773 | Lair:4   | Noticed Vufrucs's ghost (journeyman DrTm)
 19883 | Lair:4   | Reached ****** piety under Hepliaklqana
 19978 | Lair:4   | Lost mutation: You are frail. (-10% HP) [potion of
                  | mutation]
 19978 | Lair:4   | Gained mutation: Your mind is acute. (Int +4, Str/Dex -1)
                  | [potion of mutation]
 19978 | Lair:4   | Gained mutation: You have a pair of small horns on your
                  | head. [potion of mutation]
 20399 | Lair:4   | Found a runed translucent door.
 20620 | Lair:4   | Killed Vufrucs's ghost
 20651 | Lair:5   | Entered Level 5 of the Lair of Beasts
 20771 | Lair:5   | Found a viscous altar of Jiyva.
 20772 | Lair:5   | Found a staircase to the Slime Pits.
 21037 | Lair:5   | Reached skill level 16 in Fighting
 21085 | Lair:5   | Reached XP level 16. HP: 115/115 MP: 0/0
 21466 | Lair:5   | Found a burning altar of Makhleb.
 21499 | Lair:5   | Demolished by an ice devil

Illustrated notes

Levels and vault maps discovered:
D:1:      minmay_arrival_loop, layout_loops_ring
D:2:      layout_rooms, shapermc_ecumenical_altar_mp_ritualfount
D:3:      layout_rooms, mainiacjoe_overflow_brackets, uniq_ijyb
D:4:      minmay_spotlight, layout_basic,
          grunt_temple_overflow_order_and_chaos_2
D:5:      layout_rooms, nicolae_uskayaw_dance_hall,
          minmay_misc_feat_four_crosses, grunt_ministairs_4, uniq_duvessa
D:6:      layout_loops_corners, temple_statues, minmay_misc_feat_roman,
          uniq_eustachio
D:7:      layout_loops_corners, uniq_maggie, uniq_crazy_yiuf_cottage,
          uniq_joseph, uniq_prince_ribbit1
D:8:      layout_gridville, dpeg_lair_monsters, uniq_pikel
D:9:      layout_long_grid, mainiacjoe_overflow_alcove_2,
          nicolae_qazlal_eye_of_the_storm, gammafunk_temple_overflow_wave
D:10:     layout_loops_ring, mainiacjoe_overflow_concentric_impassable,
          enter_bailey_3, kb_lookout_dungeons_type, kennysheep_generic_room_14
D:11:     layout_loops_ring, uniq_urug, uniq_erica
D:12:     minmay_octo_star, layout_stronghold, gammafunk_ghost_icy,
          kennysheep_generic_room_3
D:13:     layout_irregular_city, david_vaults_3
Temple:   compressed_dpeg_triangle_lava_temple
Lair:1:   layout_cellular_growth
Lair:2:   layout_gridlike, minmay_swamp_entry_worms, st_stairs_10,
          chequers_serial_rivers_small_3, uniq_gastronok
Lair:3:   layout_loops_ring, nicolae_spider_entry_tight_spaces,
          lemuel_fruit_tree
Lair:4:   layout_regular_city, hellmonk_ghost_happy_afterlife
Lair:5:   evil_forest, layout_concentric_octagons,
          nicolae_slime_entry_slimehenge

Skill      XL: |  1  2  3  4  5  6  7  8  9 10 11 12 13 14 15 16 |
---------------+-------------------------------------------------+-----
Armour         | 1 2 3 4 5 7 9 10 12 13 14 | 14.2
Fighting       | 1 2 3 4 5 8 9 10 11 13 14 16 | 16.2
Dodging        | 3 4 5 6 7 8 9 |  9.4
Invocations    | 1 2 3 4 5 6 7 8 |  8.0
Spellcasting   | 4 5 6 7 8 9 |  9.2
Axes           | 1 5 6 7 8 9 |  9.1
Shields        | 6 7 8 |  8.3
Stealth        | |  1.9

Action                   |  1- 3 |  4- 6 |  7- 9 | 10-12 | 13-15 | 16-18 || total
-------------------------+-------+-------+-------+-------+-------+-------++-------
Melee: Unarmed           |     2 |     8 |       |       |       |       ||    10
       Trident           |       |    17 |       |       |       |       ||    17
       War axe           |       |    21 |   103 |   360 |   454 |    47 ||   985
       Headbutt          |       |       |       |       |    17 |    11 ||    28
 Cast: Magic Dart        |    33 |    61 |    50 |   128 |   169 |    13 ||   454
       Searing Ray       |     6 |    19 |     4 |    10 |       |       ||    39
       Slow              |       |     1 |     1 |     4 |       |       ||     6
       Blink             |       |       |     1 |     3 |     4 |     1 ||     9
       Dazzling Flash    |       |       |       |     1 |     6 |       ||     7
       Iskenderun's Myst |       |       |       |     1 |    50 |       ||    51
       Animate Dead      |       |       |       |     1 |       |       ||     1
       Fulminant Prism   |       |       |       |       |    18 |       ||    18
       Freezing Cloud    |       |       |       |       |     1 |       ||     1
Invok: Renounce Religion |       |     1 |       |       |       |       ||     1
       Recall Ancestor   |       |       |       |     2 |     4 |       ||     6
       Ancestor Life: Ba |       |       |       |     1 |       |       ||     1
       Idealise          |       |       |       |       |     1 |       ||     1
Evoke: Wand              |       |       |       |     1 |       |       ||     1
       Box of beasts     |       |       |       |       |     2 |       ||     2
       Tin of tremorston |       |       |       |       |     2 |       ||     2
  Use: Scroll            |       |     1 |    18 |     1 |     9 |       ||    29
       Potion            |       |     1 |     3 |     7 |     4 |       ||    15
 Stab: Sleeping          |       |     1 |     2 |     8 |     3 |     1 ||    15
       Invisible         |       |       |       |     1 |     6 |       ||     7
       Distracted        |       |       |       |     1 |     7 |     1 ||     9
Armor: Robe              |     1 |    12 |    16 |     4 |       |       ||    33
       Steam dragon scal |       |       |       |    16 |       |       ||    16
       Troll leather arm |       |       |       |    23 |    69 |    15 ||   107
Dodge: Dodged            |     6 |    48 |   125 |   300 |   252 |    38 ||   769
Block: Kite shield       |       |       |       |   380 |   441 |    73 ||   894
       Reflection        |       |       |       |       |     8 |       ||     8
